PL-RES
ABERDEEN DIAMONDS @ PALO ALTO PARAKEETS
05/12/2053
 
TOP OF THE 1ST
Boston Rogers batting - Pitching for Miami Warriors : LHP Guillermo Preciado
Pitching: LHP Guillermo Preciado
Batting: RHB Edwin Blanco 0-0: Called Strike
0-1: Ball
1-1: SOLO HOME RUN (Flyball, 78XD, EV 94.4 MPH), Distance : 425 ft
Batting: RHB Randy Kluver 0-0: Ball
1-0: Ball
2-0: Foul Ball, location: 2F
2-1: Swinging Strike
2-2: Strikes out swinging
Batting: RHB Jason Sandoval 0-0: Ball
1-0: Foul Ball, location: 2F
1-1: Ball
2-1: Called Strike
2-2: Ball
3-2: Fly out, F8 (Flyball, 8LM, EV 86.9 MPH)
Batting: SHB Bobby Brown 0-0: Called Strike
0-1: Foul Ball, location: 2F
0-2: Foul Ball, location: 2F
0-2: Ball
1-2: Ball
2-2: Reached on error, E4 (Groundball, 4M, EV 80.0 MPH)
Batting: RHB Angelo Cartagena 0-0: Ground out 3-1 (Groundball, 34, EV 82.5 MPH)
Top of the 1st over - 1 run, 1 hit, 1 error, 1 left on base; Boston 1 - Miami 0
BOTTOM OF THE 1ST
Miami Warriors batting - Pitching for Boston Rogers : LHP James Kramer
Pitching: LHP James Kramer
Batting: SHB Chad Pace 0-0: Called Strike
0-1: Ball
1-1: Ball
2-1: Foul Ball, location: 2F
2-2: Ground out U3 (Groundball, 3S, EV 85.6 MPH)
Batting: LHB Julio Ramirez 0-0: Swinging Strike
0-1: Foul Ball, location: 2F
0-2: SINGLE (Groundball, 4D, EV 98.1 MPH)
Batting: RHB Matt Folse 0-0: Ball
1-0: SINGLE (Line Drive, 8RS, EV 91.9 MPH)
Julio Ramirez to second
Runner from 2nd tries for 3rd, SAFE, no throw by CF
Batting: LHB Ryan Reel 0-0: Called Strike
0-1: Fly out, F8 (Flyball, 8RS, EV 86.9 MPH)
Batting: RHB Juan Baltazar 0-0: Foul Ball, location: 2F
0-1: Fly out, F9 (Flyball, 9S, EV 82.5 MPH)
Bottom of the 1st over - 0 runs, 2 hits, 0 errors, 2 left on base; Boston 1 - Miami 0
TOP OF THE 2ND
Boston Rogers batting - Pitching for Miami Warriors : LHP Guillermo Preciado
Batting: RHB Austin Nemeth 0-0: Ground out 5-3 (Groundball, 56, EV 82.5 MPH)
Batting: LHB Ed Mentado 0-0: Called Strike
0-1: Ball
1-1: Ground out 4-3 (Groundball, 34D, EV 111.9 MPH)
Batting: RHB Joey Rico 0-0: Called Strike
0-1: Swinging Strike
0-2: Ball
1-2: Strikes out swinging
Top of the 2nd over - 0 runs, 0 hits, 0 errors, 0 left on base; Boston 1 - Miami 0
BOTTOM OF THE 2ND
Miami Warriors batting - Pitching for Boston Rogers : LHP James Kramer
Batting: LHB Juan Sanchez 0-0: Ball
1-0: Ground out 1-3 (Groundball, 23, EV 79.4 MPH)
Batting: LHB Mario Sifuentes 0-0: Ball
1-0: Foul Ball, location: 2F
1-1: Foul Ball, location: 2F
1-2: Strikes out swinging
Batting: RHB Matthew Caballero 0-0: Ball
1-0: Called Strike
1-1: Ball
2-1: Called Strike
2-2: Ball
3-2: Ground out 6-3 (Groundball, 56, EV 86.3 MPH)
Bottom of the 2nd over - 0 runs, 0 hits, 0 errors, 0 left on base; Boston 1 - Miami 0
TOP OF THE 3RD
Boston Rogers batting - Pitching for Miami Warriors : LHP Guillermo Preciado
Batting: LHB John Rime 0-0: Called Strike
0-1: Foul Ball, location: 2F
0-2: Ball
1-2: SINGLE (Groundball, 56D, EV 94.4 MPH)
Batting: RHB Edwin Blanco 0-0: Ball
1-0: Foul Ball, location: 2F
1-1: SINGLE (Groundball, 6D, EV 98.8 MPH)
John Rime to second
Batting: RHB Randy Kluver 0-0: Ball
1-0: Called Strike
1-1: Called Strike
1-2: SINGLE (Flyball, 9S, EV 92.5 MPH)
John Rime to third
Edwin Blanco to second
Batting: RHB Jason Sandoval 0-0: Ball
1-0: Fly out, F7 (Flyball, 78S, EV 87.5 MPH)
Batting: SHB Bobby Brown 0-0: Called Strike
0-1: Fly out, F6 (Flyball, 6MD, EV 85.0 MPH)
Batting: RHB Angelo Cartagena 0-0: Ball
1-0: Ball
2-0: Ball
3-0: Called Strike
3-1: Swinging Strike
3-2: Base on Balls
John Rime scores
Edwin Blanco to third
Randy Kluver to second
Batting: RHB Austin Nemeth 0-0: Called Strike
0-1: Ball
1-1: Called Strike
1-2: Foul Ball, location: 2F
1-2: Ball
2-2: Ground out 4-3 (Groundball, 34, EV 80.0 MPH)
Top of the 3rd over - 1 run, 3 hits, 0 errors, 3 left on base; Boston 2 - Miami 0
BOTTOM OF THE 3RD
Miami Warriors batting - Pitching for Boston Rogers : LHP James Kramer
Batting: RHB Doug Irwin 0-0: Foul Ball, location: 2F
0-1: Foul Ball, location: 2F
0-2: Ball
1-2: Strikes out swinging
Batting: SHB Chad Pace 0-0: Foul Ball, location: 2F
0-1: Called Strike
0-2: Foul Ball, location: 2F
0-2: Ground out 4-3 (Groundball, 34, EV 91.3 MPH)
Batting: LHB Julio Ramirez 0-0: Foul Ball, location: 2F
0-1: Swinging Strike
0-2: Foul Ball, location: 2F
0-2: Ball
1-2: Ground out 1-3 (Groundball, 34S, EV 84.4 MPH)
Bottom of the 3rd over - 0 runs, 0 hits, 0 errors, 0 left on base; Boston 2 - Miami 0
TOP OF THE 4TH
Boston Rogers batting - Pitching for Miami Warriors : LHP Guillermo Preciado
Batting: LHB Ed Mentado 0-0: Ground out 6-3 (Groundball, 56, EV 103.1 MPH)
Batting: RHB Joey Rico 0-0: Ball
1-0: Ball
2-0: Ball
3-0: Called Strike
3-1: SINGLE (Groundball, 6D, EV 96.3 MPH)
Batting: LHB John Rime 0-0: Called Strike
0-1: Ball
1-1: Foul Ball, location: 2F
1-2: Ball
2-2: Foul Ball, location: 2F
2-2: Foul Ball, location: 2F
2-2: Fly out, F5 (Line Drive, 5, EV 70.0 MPH)
Batting: RHB Edwin Blanco 0-0: Swinging Strike
0-1: Foul Ball, location: 2F
0-2: Strikes out looking
Top of the 4th over - 0 runs, 1 hit, 0 errors, 1 left on base; Boston 2 - Miami 0
BOTTOM OF THE 4TH
Miami Warriors batting - Pitching for Boston Rogers : LHP James Kramer
Batting: RHB Matt Folse 0-0: Called Strike
0-1: Ball
1-1: Ground out 4-3 (Groundball, 4, EV 86.9 MPH)
Batting: LHB Ryan Reel 0-0: Called Strike
0-1: Ball
1-1: Ball
2-1: Fly out, F7 (Flyball, 7D, EV 88.1 MPH)
Batting: RHB Juan Baltazar 0-0: Called Strike
0-1: Foul Ball, location: 2F
0-2: Ball
1-2: Fly out, F6 (Line Drive, 6, EV 60.6 MPH)
Bottom of the 4th over - 0 runs, 0 hits, 0 errors, 0 left on base; Boston 2 - Miami 0
TOP OF THE 5TH
Boston Rogers batting - Pitching for Miami Warriors : LHP Guillermo Preciado
Batting: RHB Randy Kluver 0-0: Ball
1-0: Ground out U3 (Groundball, 34, EV 86.9 MPH)
Batting: RHB Jason Sandoval 0-0: SOLO HOME RUN (Flyball, 8RXD, EV 95.6 MPH), Distance : 485 ft
Batting: SHB Bobby Brown 0-0: Foul Ball, location: 2F
0-1: Ball
1-1: Ball
2-1: Ball
3-1: Base on Balls
Batting: RHB Angelo Cartagena 0-0: Ball
1-0: Swinging Strike
1-1: Ball
2-1: Foul Ball, location: 2F
2-2: Ball
3-2: Foul Ball, location: 2F
3-2: Ground out 3-1 (Groundball, 3, EV 100.0 MPH)
Bobby Brown to second
Batting: RHB Austin Nemeth 0-0: Ball
1-0: Called Strike
1-1: Foul Ball, location: 2F
1-2: Fly out, F9 (Line Drive, 9, EV 94.4 MPH)
Top of the 5th over - 1 run, 1 hit, 0 errors, 1 left on base; Boston 3 - Miami 0
BOTTOM OF THE 5TH
Miami Warriors batting - Pitching for Boston Rogers : LHP James Kramer
Batting: LHB Juan Sanchez 0-0: Called Strike
0-1: Ground out U3 (Groundball, 3, EV 86.3 MPH)
Batting: LHB Mario Sifuentes 0-0: Called Strike
0-1: Reached on error, E6 (Groundball, 6, EV 85.6 MPH)
Batting: RHB Matthew Caballero 0-0: Ball
1-0: DOUBLE (Line Drive, 9LS, EV 106.9 MPH)
Mario Sifuentes to third
Runner from 3rd tries for Home, SAFE, no throw by RF
Batting: RHB Doug Irwin 0-0: Ground out 5-3 (Groundball, 56S, EV 88.1 MPH)
Batting: SHB Chad Pace 0-0: Ball
1-0: Called Strike
1-1: SINGLE (Groundball, 23, EV 74.4 MPH) (infield hit)
Matthew Caballero to third
Pinch Runner at 1st Matthew Bloom:
Batting: LHB Julio Ramirez 0-0: Ball
1-0: Ball
2-0: Called Strike
2-1: Foul Ball, location: 2F
2-2: Ball
3-2: Strikes out swinging
Bottom of the 5th over - 1 run, 2 hits, 1 error, 2 left on base; Boston 3 - Miami 1
TOP OF THE 6TH
Boston Rogers batting - Pitching for Miami Warriors : LHP Guillermo Preciado
Now in CF: Matthew Bloom
Batting: LHB Ed Mentado 0-0: Called Strike
0-1: Called Strike
0-2: Ball
1-2: Foul Ball, location: 2F
1-2: Ground out 5-3 (Groundball, 56, EV 101.3 MPH)
Batting: RHB Joey Rico 0-0: Called Strike
0-1: Ball
1-1: Swinging Strike
1-2: Ball
2-2: Strikes out swinging
Batting: LHB John Rime 0-0: Ball
1-0: Swinging Strike
1-1: Ball
2-1: Foul Ball, location: 2F
2-2: Ground out U3 (Groundball, 3, EV 96.3 MPH)
Top of the 6th over - 0 runs, 0 hits, 0 errors, 0 left on base; Boston 3 - Miami 1
BOTTOM OF THE 6TH
Miami Warriors batting - Pitching for Boston Rogers : LHP James Kramer
Batting: RHB Matt Folse 0-0: Ball
1-0: Fly out, F8 (Flyball, 8RS, EV 92.5 MPH)
Batting: LHB Ryan Reel 0-0: Fly out, F7 (Line Drive, 7, EV 91.3 MPH)
Batting: RHB Juan Baltazar 0-0: Called Strike
0-1: Ball
1-1: Foul Ball, location: 2F
1-2: Ball
2-2: Ball
3-2: Strikes out swinging
Bottom of the 6th over - 0 runs, 0 hits, 0 errors, 0 left on base; Boston 3 - Miami 1
TOP OF THE 7TH
Boston Rogers batting - Pitching for Miami Warriors : LHP Guillermo Preciado
Pitching: LHP Vinny Gutierrez
Batting: RHB Edwin Blanco 0-0: Ball
1-0: Called Strike
1-1: Called Strike
1-2: Ball
2-2: Foul Ball, location: 2F
2-2: Fly out, F9 (Flyball, 9S, EV 91.3 MPH)
Batting: RHB Randy Kluver 0-0: Ball
1-0: Called Strike
1-1: Ball
2-1: Foul Ball, location: 2F
2-2: Ball
3-2: Strikes out swinging
Batting: RHB Jason Sandoval 0-0: Ball
1-0: Ball
2-0: Called Strike
2-1: Foul Ball, location: 2F
2-2: Ball
3-2: SINGLE (Flyball, 7S, EV 88.8 MPH)
Pitching: RHP Chris Hester
Batting: SHB Bobby Brown 0-0: Called Strike
0-1: Ball
1-1: Ball
2-1: Ball
3-1: Foul Ball, location: 2F
3-2: 2-RUN HOME RUN (Flyball, 7D, EV 105.6 MPH), Distance : 359 ft
Batting: RHB Angelo Cartagena 0-0: Ball
1-0: Swinging Strike
1-1: Foul Ball, location: 2F
1-2: Ground out 6-3 (Groundball, 6, EV 75.6 MPH)
Top of the 7th over - 2 runs, 2 hits, 0 errors, 0 left on base; Boston 5 - Miami 1
BOTTOM OF THE 7TH
Miami Warriors batting - Pitching for Boston Rogers : LHP James Kramer
Batting: LHB Juan Sanchez 0-0: Called Strike
0-1: Ball
1-1: Foul Ball, location: 2F
1-2: SINGLE (Groundball, 4MS, EV 73.1 MPH) (infield hit)
Batting: LHB Mario Sifuentes 0-0: Foul Ball, location: 2F
0-1: 2-RUN HOME RUN (Flyball, 78XD, EV 101.3 MPH), Distance : 396 ft
Batting: RHB Matthew Caballero 0-0: Fly out, F7 (Flyball, 78S, EV 94.4 MPH)
Batting: RHB Doug Irwin 0-0: Swinging Strike
0-1: Ball
1-1: Foul Ball, location: 2F
1-2: Strikes out looking
Batting: RHB Matthew Bloom 0-0: Called Strike
0-1: Ground out 6-3 (Groundball, 6, EV 81.9 MPH)
Bottom of the 7th over - 2 runs, 2 hits, 0 errors, 0 left on base; Boston 5 - Miami 3
TOP OF THE 8TH
Boston Rogers batting - Pitching for Miami Warriors : RHP Chris Hester
Batting: RHB Austin Nemeth 0-0: Ball
1-0: Ball
2-0: Foul Ball, location: 2F
2-1: Called Strike
2-2: Ball
3-2: Ground out 1-3 (Groundball, 34S, EV 83.8 MPH)
Batting: LHB Ed Mentado 0-0: Ball
1-0: Ball
2-0: Swinging Strike
2-1: Ground out 4-3 (Groundball, 4M, EV 101.9 MPH)
Batting: RHB Joey Rico 0-0: Ball
1-0: Ball
2-0: Called Strike
2-1: Foul Ball, location: 2F
2-2: Ground out 6-3 (Groundball, 6, EV 90.6 MPH)
Top of the 8th over - 0 runs, 0 hits, 0 errors, 0 left on base; Boston 5 - Miami 3
BOTTOM OF THE 8TH
Miami Warriors batting - Pitching for Boston Rogers : LHP James Kramer
Pitching: LHP Eric Brown
Batting: LHB Julio Ramirez 0-0: Ball
1-0: Foul Ball, location: 2F
1-1: Foul Ball, location: 2F
1-2: Foul Ball, location: 2F
1-2: Foul Ball, location: 2F
1-2: Ball
2-2: Ball
3-2: SINGLE (Groundball, 34D, EV 110.0 MPH)
Batting: RHB Matt Folse 0-0: Foul Ball, location: 2F
0-1: Ball
1-1: Called Strike
1-2: Grounds into double play, 5-4-3 (Groundball, 56S, EV 83.8 MPH)
Batting: LHB Ryan Reel 0-0: Ball
1-0: Ground out 2-3 (Groundball, 15S, EV 68.1 MPH)
Bottom of the 8th over - 0 runs, 1 hit, 0 errors, 0 left on base; Boston 5 - Miami 3
TOP OF THE 9TH
Boston Rogers batting - Pitching for Miami Warriors : RHP Chris Hester
Batting: LHB John Rime 0-0: Ball
1-0: Ground out 1-3 (Groundball, P, EV 67.5 MPH)
Batting: RHB Edwin Blanco 0-0: Called Strike
0-1: Ball
1-1: Foul Ball, location: 2F
1-2: Ball
2-2: Strikes out swinging
Batting: RHB Randy Kluver 0-0: Ball
1-0: Ball
2-0: Called Strike
2-1: Foul Ball, location: 2F
2-2: Ball
3-2: Fly out, F8 (Line Drive, 8LM, EV 90.0 MPH)
Top of the 9th over - 0 runs, 0 hits, 0 errors, 0 left on base; Boston 5 - Miami 3
BOTTOM OF THE 9TH
Miami Warriors batting - Pitching for Boston Rogers : LHP Eric Brown
Batting: RHB Juan Baltazar 0-0: Ball
1-0: DOUBLE (Line Drive, 5D, EV 103.8 MPH)
Pinch Hitting: RHB Jimmy Billings 0-0: Ball
1-0: Ball
2-0: Ground out 5-3 (Groundball, 5, EV 86.3 MPH)
Batting: LHB Mario Sifuentes 0-0: Foul Ball, location: 2F
0-1: Foul Ball, location: 2F
0-2: Strikes out looking
Batting: RHB Matthew Caballero 0-0: Foul Ball, location: 2F
0-1: Ball
1-1: Foul Ball, location: 2F
1-2: Foul Ball, location: 2F
1-2: Ball
2-2: Ball
3-2: SINGLE (Groundball, 6MD, EV 111.3 MPH)
Juan Baltazar to third
Juan Baltazar scores
Batting: RHB Doug Irwin 0-0: Ball
1-0: Foul Ball, location: 2F
1-1: Ball
Wild Pitch!
Matthew Caballero to second
2-1: Ball
3-1: Foul Ball, location: 2F
3-2: Fly out, F8 (Flyball, 8RXD, EV 102.5 MPH)
Bottom of the 9th over - 1 run, 2 hits, 0 errors, 1 left on base; Boston 5 - Miami 4
Monday, July 20th, 2020 - OOTP Baseball 21.4 Build 63